 Dungeon Crawl Stone Soup version 0.27-a0-1347-gd8886f0a89 (webtiles) character file.

Game seed: 620666491725510485

4 ipx the Firebug (level 1, 10/10 HPs)
             Began as a Deep Elf Fire Elementalist on June 28, 2021.
             Was a Believer of Lugonu.
             Got out of the dungeon alive.
             The game lasted 00:02:17 (228 turns).

ipx the Firebug (Deep Elf Fire Elementalist)         Turns: 228, Time: 00:02:18

Health: 10/10      AC:  2    Str:  5    XL:     1   Next: 58%
Magic:  6/6        EV: 12    Int: 19    God:    Lugonu [**....]
Gold:   22         SH:  0    Dex: 15    Spells: 5/6 levels left

rFire    . . .     SeeInvis .   (no weapon)
rCold    . . .     Faith    .   (no shield)
rNeg     . . .     Spirit   .   a - +0 robe
rPois    .         Reflect  .   (no helmet)
rElec    .         Harm     .   (no cloak)
rCorr    .         Rampage  .   (no gloves)
Will     .....                  (no boots)
Stlth    ++........             (no amulet)
HPRegen  0.03/turn              (no ring)
MPRegen  0.10/turn              (no ring)

@: no status effects
A: no striking features
a: Renounce Religion, Depart the Abyss, Bend Space


You escaped.
You worshipped Lugonu.
Lugonu was pleased with you.
You visited 1 branch of the dungeon, and saw 1 of its levels.

You collected 22 gold pieces.

Inventory:

Missiles
 b - 18 poisoned darts (quivered)
Armour
 a - a +0 robe (worn)
Scrolls
 c - a scroll of identify {unknown}
 e - a scroll of blinking {unknown}
Potions
 d - a potion of berserk rage {unknown}


   Skills:
 - Level 2.4 Dodging
 + Level 2.5 Stealth
 - Level 3.0 Spellcasting
 * Level 1.6 Conjurations
 + Level 3.4 Fire Magic


You had 5 spell levels left.
You knew the following spells:

 Your Spells              Type           Power      Damage    Failure   Level
x - Foxfire               Conj/Fire      48%        2x1d6     5%          1

Your spell library contained the following spells:

 Spells                   Type           Power      Damage    Failure   Level
 Conjure Flame            Conj/Fire      12%        6-21      16%         3
 Inner Flame              Hex/Fire       9%         N/A       22%         3
 Sticky Flame             Conj/Fire      12%        2d4       47%         4
 Fireball                 Conj/Fire      6%         3d5       83%         5


Dungeon Overview and Level Annotations

Branches:
Dungeon (1/15)

Altars:
Lugonu


Message History

The foxfire hits the ball python.
The ball python is severely wounded.
Throw: 18 darts (poison)
Press: ? - help, Q - select action, (/) - cycle Shift-Dir - straight line, f - ball python
Aim: a ball python (severely wounded, 53% to hit)
You throw a poisoned dart.
The poisoned dart barely misses the ball python.
Casting: Foxfire (safe; 5% risk of failure)
Confirm with . or Enter, or press ? or * to list all spells.
You conjure some foxfire!
The ball python misses you. The ball python completely misses you.
Your foxfire dissipates!
The foxfire hits the ball python.
You kill the ball python!
b - 18 poisoned darts (gained 1)
There is a faded altar of an unknown god here.
You cannot tell which god this altar belongs to.
Convert to them anyway?
Lugonu accepts your prayer! Lugonu welcomes you!
You can now depart the Abyss.
You can now bend space around yourself.
Unknown command.
Press < or > to pray at altars.
Unknown command.
Press < or > to pray at altars.
You now have 8 gold pieces.
Okay, then.
Found a short sword.
Found 12 gold pieces.
You now have 20 gold pieces (gained 12).
Found 2 gold pieces.
You now have 22 gold pieces (gained 2).
Found a scroll labelled ILAIZE XYEV.
e - a scroll labelled ILAIZE XYEV
Found a stone staircase leading down.
You see here a +0 club.
You open the door.
There is an open door here.
There is a staircase leading out of the dungeon here.
Are you sure you want to leave the Dungeon?
This will make you lose the game!
You have escaped!

.#........#########
.#..##.....#......#
.......##..#.####.#
##..#####..#.####.##
...............##..#
.......#......####.#
.......#......#..#.#
.......#......'....#
.......########.@###
...#...# +..#
.......# ####
##.##### ...# #### #
# ### ######..#


There were no monsters in sight!

Vanquished Creatures
  A ball python (D:1)
  2 giant cockroaches (D:1)
  A kobold (D:1)
4 creatures vanquished.

Vanquished Creatures (others)
  6 foxfires (D:1)
6 creatures vanquished.

Grand Total: 10 creatures vanquished

Notes
Turn   | Place    | Note
-------+----------+-------------------------------------------
     0 | D:1      | ipx the Deep Elf Fire Elementalist began the quest for the
                  | Orb.
     0 | D:1      | Reached XP level 1. HP: 10/10 MP: 6/6
    82 | D:1      | Found a faded altar of an unknown god.
    96 | D:1      | Became a worshipper of Lugonu the Unformed
    96 | D:1      | Reached * piety under Lugonu
    96 | D:1      | Reached ** piety under Lugonu
   228 | D:$      | Got out of the dungeon alive.

Illustrated notes

Levels and vault maps discovered:
D:1:      dpeg_arrival_ratfight, layout_loops_cross,
          ebering_ecumenical_altar_mist, amethyst_killhole

Action                   || total
-------------------------++-------
Throw: Dart              ||     3
 Cast: Foxfire           ||     4
Dodge: Dodged            ||     2

Table legend: (Time is in decaauts)
 A = Elapsed time spent in this place.
 B = Non-inter-level travel time spent in this place.
 C = Inter-level travel time spent in this place.
 D = Time resting spent in this place.
 E = Time spent auto-exploring this place.
 F = Levels seen in this place.
 G = Mean time per level.
                   A        B        C        D        E       F      G
               +--------+--------+--------+--------+--------+-----+--------+
         Total |    228 |    168 |     60 |      0 |      0 |   1 |  228.0 |
       Dungeon |    228 |    168 |     60 |      0 |      0 |   1 |  228.0 |
               +--------+--------+--------+--------+--------+-----+--------+

Top non-repeatable levels by time:
     D:1: 228 daAuts
